 Dungeon Crawl Stone Soup version 0.32-a0-779-g362cfcae2a (webtiles) character file.

Game seed: 6906028045641829169

329 miscthings the Apothecary (level 6, 0/41 HPs)
             Began as a Coglin Alchemist on Mar 19, 2024.
             Was an Initiate of Okawaru.
             Slain by Menkaure (23 damage)
             ... on level 5 of the Dungeon.
             The game lasted 00:08:55 (2238 turns).

miscthings the Apothecary (Coglin Alchemist)        Turns: 2238, Time: 00:08:55

Health: 0/41       AC:  5    Str:  8    XL:     6   Next: 50%
Magic:  10/10      EV: 11    Int: 16    God:    Okawaru [......]
Gold:   153        SH:  0    Dex: 15    Spells: 3/11 levels left

rFire   . . .        y - +0 dagger (holy) {Bernhard}
rCold   . . .        s - +4 whip (drain) {Ishpreet}
rNeg    . . .        a - +1 robe
rPois   .            A - +0 helmet
rElec   .            v - +0 cloak
rCorr   .            (no gloves)
SInv    .            (no boots)
Will    .....        (amulet unavailable)
Stlth   ++           (ring unavailable)
HPRegen 0.26/turn    (ring unavailable)
MPRegen 0.12/turn    (no gizmo)

%: no passive effects
@: revving
A: off-hand wielding, slow wielding, warmup strikes, no jewellery
a: Invent Gizmo, Renounce Religion


You were on level 5 of the Dungeon.
You worshipped Okawaru.
Okawaru was noncommittal.
You visited 2 branches of the dungeon, and saw 6 of its levels.

You collected 153 gold pieces.

Inventory:

Hand Weapons
 s - a +4 whip of draining (offhand) {Ishpreet}
 y - a +0 dagger of holy wrath (weapon) {Bernhard}
 B - a +2 dagger of venom {Karl}
Missiles
 k - 5 darts of dispersal
 r - 6 boomerangs (quivered)
Armour
 a - a +1 robe (worn)
 v - a +0 cloak (worn)
 A - a +0 helmet (worn)
Magical Staves
 t - a staff of cold
Scrolls
 f - a scroll of enchant armour
 g - a scroll of enchant weapon
 h - a scroll of revelation
 j - a scroll of vulnerability
 n - 2 scrolls of poison
 q - 2 scrolls of teleportation
 w - a scroll of fear
 x - a scroll of silence {unknown}
Potions
 b - a potion of magic
 c - a potion of curing
 d - a potion of might
 e - a potion of haste
 i - a potion of resistance
 l - a potion of cancellation {unknown}
 m - a potion of enlightenment {unknown}
 o - a potion of brilliance {unknown}
 p - 2 potions of mutation
 u - a potion of heal wounds
 z - a potion of lignification


   Skills:
 - Level 1.7 Dodging
 - Level 1.5 Stealth
 + Level 3.0 Spellcasting
 + Level 2.7 Conjurations
 + Level 1.2 Air Magic
 * Level 5.8 Alchemy


You had 3 spell levels left.
You knew the following spells:

 Your Spells              Type           Power      Damage    Failure   Level
a - Sting                 Conj/Alch      64%        1d7       3%          1
c - Mephitic Cloud        Conj/Alch/Air  12%        N/A       14%         3
z - Olgreb's Toxic Radia  Alch           21%        N/A       17%         4

Your spell library contained the following spells:

 Spells                   Type           Power      Damage    Failure   Level
 Mercury Vapours          Alch/Air       26%        N/A       7%          2
 Cigotuvi's Dreadful Rot  Necr/Alch/Air  20%        N/A       11%         2
 Passwall                 Erth           2%         N/A       50%         3
 Volatile Blastmotes      Fire/Tloc      4%         2d10      50%         3
 Ignite Poison            Fire/Alch      11%        N/A       50%         4
 Sticky Flame             Fire/Alch      11%        2d5       50%         4
 Freezing Cloud           Conj/Ice/Air   3%         6-21      96%         5
 Bombard                  Conj/Erth      3%         9d1       100%        6


Dungeon Overview and Level Annotations

Branches:
Dungeon (5/15)             Temple (1/1) D:4

Altars:
Ashenzari
Elyvilon
Gozag
Hepliaklqana
Makhleb
Nemelex Xobeh
Okawaru
Ru
Sif Muna
Vehumet
Wu Jian
Yredelemnul
Zin

Annotations:
D:4 Grinder
D:5 Menkaure


Innate Abilities, Weirdness & Mutations

You can wield a second weapon in your off-hand.
It takes a long time for you to wield or remove held weapons.
Your first few attacks do less damage.
You cannot equip rings or amulets.


Message History

There is a stone staircase leading up here.
There is a stone staircase leading down here.
You climb downwards.
Menkaure shouts!
Found 2 boomerangs.
Found a stone staircase leading down.
There is a stone staircase leading up here.
Menkaure is nearby!
An ufetubus comes into view.
An ufetubus comes into view.
The ufetubus moves out of view.
You're wielding all the weapons you can.
Replace which one? (? for menu, Esc to cancel) < or
B - a +2 dagger of venom {Karl}; > or
s - a +4 whip of draining {Ishpreet} You start parting from your weapon.
You continue parting from your +2 dagger of venom {Karl}. x4
You whisper farewell to Karl.
You finish parting from your +2 dagger of venom {Karl}.
Your +2 dagger of venom {Karl} stops dripping with poison.
You start attuning to your weapon.
You continue attuning to your +0 dagger of holy wrath {Bernhard}. x5
Menkaure calls on the powers of darkness!
Your body is wracked with pain!
You finish attuning to your +0 dagger of holy wrath {Bernhard}.
Your +0 dagger of holy wrath {Bernhard} softly glows with a divine radiance!
You welcome your +0 dagger of holy wrath "Bernhard" back into your grasp.
You hit Menkaure with your +4 whip of draining.
Menkaure is moderately damaged.
You hit Menkaure with your +0 dagger of holy wrath.
Menkaure convulses.
Menkaure gestures at you while chanting.
You barely resist.
You closely miss Menkaure with your +0 dagger of holy wrath.
Menkaure is moderately damaged.
You closely miss Menkaure with your +4 whip of draining.
Menkaure misses you.
You hit Menkaure with your +4 whip of draining.
Menkaure is severely damaged.
You hit Menkaure but do no damage. Menkaure hits you!!
Ouch! That really hurt!
You die...

....... #...
.......# #...
#......##...
#.....#...
#........
#...... #.....#
#...@# #..M##
###...###
#.....<.#
#...###.(......
....# ##.......
...# ##....M
... >...# ..
..##


You could see Menkaure.

Vanquished Creatures
  A scorpion (D:4)
  Crazy Yiuf (D:3)
  Jessica (D:3)
  An iguana (D:4)
  Robin (D:3)
  7 adders
  3 dart slugs
  A ribbon worm (D:2)
  14 orcs
  6 ball pythons
  5 endoplasms
  5 giant cockroaches
  9 hobgoblins
  5 jackals
  6 kobolds
  4 quokkas
  5 bats
  3 frilled lizards
  13 goblins
  3 rats
94 creatures vanquished.

Notes
Turn   | Place    | Note
-------+----------+-------------------------------------------
     0 | D:1      | miscthings the Coglin Alchemist began the quest for the
                  | Orb.
     0 | D:1      | Reached XP level 1. HP: 13/13 MP: 3/3
   123 | D:1      | Reached skill level 1 in Conjurations
   218 | D:1      | Reached XP level 2. HP: 19/19 MP: 2/4
   573 | D:1      | Reached XP level 3. HP: 19/24 MP: 4/6
   707 | D:2      | Reached skill level 4 in Alchemy
   980 | D:2      | Reached XP level 4. HP: 11/30 MP: 1/7
  1321 | D:3      | Found a hazy altar of Hepliaklqana.
  1388 | D:3      | Found a glowing silver altar of Zin.
  1536 | D:3      | Learned a level 4 spell: Olgreb's Toxic Radiance
  1547 | D:3      | Noticed Jessica
  1547 | D:3      | Noticed Robin
  1602 | D:4      | Reached skill level 5 in Alchemy
  1602 | D:4      | Reached XP level 5. HP: 15/35 MP: 3/8
  1608 | D:4      | Learned a level 3 spell: Mephitic Cloud
  1673 | D:4      | Found a staircase to the Ecumenical Temple.
  1707 | Temple   | Entered the Ecumenical Temple
  1725 | Temple   | Became a worshipper of Warmaster Okawaru
  1757 | D:4      | Noticed Grinder
  1776 | D:4      | Reached XP level 6. HP: 41/41 MP: 6/10
  1796 | D:4      | Reached skill level 1 in Air Magic
  1987 | D:3      | Found a runed translucent door.
  1988 | D:3      | Noticed Crazy Yiuf
  1999 | D:3      | Killed Crazy Yiuf
  2032 | D:3      | Killed Jessica
  2085 | D:3      | Killed Robin
  2183 | D:4      | Paralysed by Grinder for 2 turns
  2222 | D:5      | Entered Level 5 of the Dungeon
  2222 | D:5      | Noticed Menkaure
  2238 | D:5      | Slain by Menkaure

Illustrated notes

Levels and vault maps discovered:
D:1:      scummos_arrival_gate, layout_rooms, amcnicky_mini_pool_small
D:2:      layout_rooms, chequers_serial_rivers_large_b
D:3:      layout_basic, mainiacjoe_overflow_catch_the_wave, nrook_mini_vaults,
          uniq_jessica, uniq_robin, uniq_crazy_yiuf_cottage
D:4:      layout_cave_pools, minmay_temple_entry_mist, uniq_grinder
D:5:      layout_layer_cave, serial_shops, shop, blue_anna_alchemist,
          nicolae_nh_oracle_at_delphi, uniq_menkaure
Temple:   minmay_temple_curvy_loop

Skill      XL: |  1  2  3  4  5  6 |
---------------+-------------------+-----
Conjurations   | 1 2 |  2.7
Spellcasting   | 2 3 |  3.0
Alchemy        | 4 5 |  5.8
Air Magic      | 1 |  1.2
Dodging        | |  1.7
Stealth        | |  1.5

Action                     |  1- 3 |  4- 6 || total
---------------------------+-------+-------++-------
  Melee: Unarmed           |    38 |       ||    38
         Club              |    19 |    24 ||    43
         Whip              |    11 |    78 ||    89
         Dagger            |       |    42 ||    42
  Throw: Dart              |     1 |       ||     1
         Boomerang         |    13 |     2 ||    15
   Cast: Sting             |    32 |    37 ||    69
         Olgreb's Toxic Ra |       |     3 ||     3
         Mephitic Cloud    |       |     2 ||     2
    Use: Scroll            |       |    14 ||    14
         Potion            |       |     2 ||     2
   Stab: Distracted        |     1 |       ||     1
         Sleeping          |     1 |       ||     1
         Confused          |       |     2 ||     2
 Armour: Robe              |    34 |    60 ||    94
  Dodge: Dodged            |    47 |    64 ||   111

Table legend: (Time is in decaauts)
 A = Elapsed time spent in this place.
 B = Non-inter-level travel time spent in this place.
 C = Inter-level travel time spent in this place.
 D = Time resting spent in this place.
 E = Time spent auto-exploring this place.
 F = Levels seen in this place.
 G = Mean time per level.
                   A        B        C        D        E       F      G
               +--------+--------+--------+--------+--------+-----+--------+
         Total |   2288 |   2192 |     96 |    177 |   1175 |   6 |  381.3 |
       Dungeon |   2252 |   2174 |     78 |    177 |   1175 |   5 |  450.4 |
        Temple |     36 |     18 |     18 |      0 |      0 |   1 |   36.0 |
               +--------+--------+--------+--------+--------+-----+--------+

Top non-repeatable levels by time:
     D:3: 734 daAuts
     D:1: 703 daAuts
     D:2: 529 daAuts
     D:4: 268 daAuts
  Temple: 36 daAuts
     D:5: 15 daAuts
